 Dungeon Crawl Stone Soup version 0.27-a0-1597-ge58577e147 (webtiles) character file.

Game seed: 5790412419462545943

35724 DocSulfur the Grappler (level 13, -7/133 HPs)
             Began as a Troll Hunter on July 21, 2021.
             Was a Believer of Ru.
             Mangled by a stone giant (39 damage)
             ... created by the fury of Okawaru
             ... on level 10 of the Dungeon.
             The game lasted 01:03:30 (13179 turns).

DocSulfur the Grappler (Troll Hunter)              Turns: 13179, Time: 01:03:30

Health: -7/133     AC:  9    Str: 27    XL:     13   Next: 49%
Magic:  19/19      EV: 14    Int: 17    God:    Ru [**....]
Gold:   827        SH:  0    Dex: 16    Spells: 12/12 levels left

rFire    . . .     SeeInvis +     - Unarmed
rCold    . . .     Faith    .   (no shield)
rNeg     . . .     Spirit   .   F - +2 robe {Will+}
rPois    .         Reflect  .   Y - +0 hat of the Ecumenical Temple {Int+6}
rElec    .         Harm     .   M - +2 cloak of an ossuary {Int+4}
rCorr    .         Rampage  .   (gloves unavailable)
Will     +....                  (boots unavailable)
Stlth    ++........             A - amulet of regeneration
HPRegen  2.32/turn              N - ring of see invisible
MPRegen  0.16/turn              L - +6 ring of dexterity

@: no status effects
A: large, unfitting armour, claws 3, regeneration 1, shaggy fur 1, tough skin 1,
inability to use devices
a: Renounce Religion


You were on level 10 of the Dungeon.
You worshipped Ru.
Ru was pleased with you.
You visited 3 branches of the dungeon, and saw 15 of its levels.
You also visited: Ossuary and Gauntlet.

You collected 827 gold pieces.

Inventory:

Missiles
 c - 25 large rocks (quivered)
 d - 2 throwing nets
 e - 7 curare-tipped darts
 j - 5 javelins
 I - 8 datura-tipped darts
 J - 31 silver javelins
 P - 4 boomerangs of dispersal
 S - 7 atropa-tipped darts
 X - 3 boomerangs
Armour
 F - a +2 robe of willpower (worn)
 M - the +2 cloak of an ossuary (worn) {Int+4}
   (You found it in a Gauntlet)

   Int:       It affects your intelligence (+4).
 R - a +1 robe of cold resistance
 Y - the +0 hat of the Ecumenical Temple (worn) {Int+6}
   (You found it on level 4 of the Lair of Beasts)

   Int:       It affects your intelligence (+6).
Jewellery
 k - an amulet of the acrobat
 w - a +4 ring of evasion
 A - an amulet of regeneration (around neck)
 D - a ring of protection from fire
 G - a ring of willpower
 K - a ring of flight
 L - a +6 ring of dexterity (right claw)
 N - a ring of see invisible (left claw)
 Q - a ring of ice
Scrolls
 a - 5 scrolls of magic mapping
 b - a scroll of silence {unknown}
 f - 2 scrolls of acquirement
 h - 7 scrolls of teleportation
 m - 3 scrolls of enchant armour
 q - 4 scrolls of amnesia
 r - a scroll of brand weapon
 s - 3 scrolls of fear {unknown}
 u - 4 scrolls of fog {unknown}
 v - 2 scrolls of noise {unknown}
 B - 3 scrolls of enchant weapon {unknown}
 C - 2 scrolls of immolation {unknown}
 O - a scroll of vulnerability {unknown}
Potions
 i - a potion of curing
 l - 3 potions of haste
 n - 4 potions of magic
 o - 3 potions of might
 x - 3 potions of mutation
 E - 3 potions of flight {unknown}
 T - 2 potions of cancellation {unknown}
 V - a potion of attraction {unknown}
 W - a potion of degeneration {unknown}


   Skills:
 - Level 10.0 Fighting
 - Level 10.0 Throwing
 * Level 9.0 Dodging
 - Level 0.3 Stealth
 - Level 10.0 Unarmed Combat
 - Level 10.0 Invocations


You had 12 spell levels left.
You didn't know any spells.
Your spell library contained the following spells:

 Spells                   Type           Power      Damage    Failure   Level
 Freeze                   Ice            0%         1d3       24%         1
 Call Canine Familiar     Summ           0%         N/A       56%         3
 Frozen Ramparts          Ice            0%         1d2       56%         3
 Gell's Gravitas          Tloc           0%         N/A       56%         3
 Lesser Beckoning         Tloc           0%         N/A       56%         3
 Portal Projectile        Hex/Tloc       0%         N/A       56%         3
 Teleport Other           Tloc           0%         N/A       56%         3
 Cause Fear               Hex            0%         N/A       93%         4
 Hailstorm                Conj/Ice       0%         3d3       93%         4
 Leda's Liquefaction      Hex/Erth       0%         N/A       93%         4
 Summon Ice Beast         Ice/Summ       0%         N/A       93%         4
 Summon Forest            Summ/Tloc      0%         N/A       100%        5
 Summon Mana Viper        Hex/Summ       0%         N/A       100%        5
 Dispersal                Tloc           0%         N/A       100%        6
 Shadow Creatures         Summ           N/A        N/A       100%        6
 Dragon Form              Tmut           0%         N/A       100%        7
 Monstrous Menagerie      Summ           0%         N/A       100%        7
 Dragon's Call            Summ           0%         N/A       100%        9


Dungeon Overview and Level Annotations

Branches:
Dungeon (10/15)            Temple (1/1) D:7            Lair (4/6) D:8
  Swamp (0/4) Lair:2        Snake (0/4) Lair:2      Ossuary (visited)
Gauntlet (visited)
    Orc: D:9-12

Altars:
Ashenzari
Cheibriados
Dithmenos
Elyvilon
Fedhas
Gozag
Hepliaklqana
Kikubaaqudgha
Makhleb
Nemelex Xobeh
Okawaru
Qazlal
Ru
Sif Muna
Trog
Uskayaw
Vehumet
Wu Jian
Xom
Yredelemnul
Zin
The Shining One
Lugonu

Portals:
Abyss: D:8

Annotations:
D:5 2 transporters
D:8 2 runed translucent doors
Lair:2 1 runed translucent door, Wuw Late's ghost, journeyman GrEE
Lair:4 6 runed translucent doors


Innate Abilities, Weirdness & Mutations

You are too large for most types of armour.
You have claws for hands.
Your natural rate of healing is unusually fast.
You are covered in fur. (AC +1)
You have tough skin. (AC +1)
You cannot study or use magical devices.


Message History

There is an open door, spattered with blood here.
c - 24 large rocks (gained 4)
You see here a +0 scimitar of flaming.
c - 25 large rocks (gained 1)
You see here a +0 scimitar of flaming.
Things that are here:
a +0 robe; a +0 halberd
c - 27 large rocks (gained 2)
There is an open door, spattered with blood here.
There is a fountain of clear blue water here.
Throw: 27 large rocks
Press: ? - help, Q - select action, (/) - cycle Shift-Dir - straight line, f - stone giant
Aim: a stone giant, quivering large rocks (wandering, durably summoned, hasn't noticed you, 92% to hit)
You throw a large rock. The stone giant shouts!
The large rock hits the stone giant but does no damage.
The stone giant hits you!
You mangle the stone giant!!
The stone giant is moderately wounded.
You completely miss the stone giant.
The stone giant is moderately wounded.
The stone giant closely misses you.
You mangle the stone giant!!
You claw the stone giant, but do no damage.
The stone giant is heavily wounded.
The stone giant hits you.
You scratch the stone giant but do no damage.
The stone giant is heavily wounded.
The stone giant hits you!!
You scratch the stone giant but do no damage.
The stone giant is moderately wounded.
The stone giant hits you!!!
* * * LOW HITPOINT WARNING * * *
Throw: 26 large rocks
Press: ? - help, Q - select action, (/) - cycle Shift-Dir - straight line, f/p - stone giant
Aim: a stone giant, quivering large rocks (moderately wounded, durably summoned, 92% to hit)
You throw a large rock. The large rock hits the stone giant!!!
The stone giant is almost dead.
The stone giant hits you!!!
You die...

#...
#...##8##...#######
....
##'#########'##
..##
#..#.......#..# ..#
#..#.⌠...⌠.#).#
...#
#..#..⌠..).#[.#
...#
##.'...⌠...'.##
...# ###....⌠..###
...# #.C...⌠.# ...#
#....@..# ...#
####C#### .### #(#
. ... . .... ......
.....l. ....$)?.R


You could see a stone giant and a cyclops.

Vanquished Creatures
  A deep elf master archer (D:10)
  A stone giant (D:10)
  A minotaur (Gauntlet)
  A dire elephant (Gauntlet)
  Harold (Lair:2)
  Fannar (Lair:2)
  4 hydras
  A centaur warrior (D:9)
  2 two-headed ogres (D:9)
  Urug (Lair:3)
  Nergalle (Lair:3)
  2 fire crabs (Gauntlet)
  5 skeletal warriors (D:9)
  2 bog bodies (Lair:2)
  A wolf spider (Lair:4)
  A manticore (D:10)
  2 cyclopes
  An elephant (Gauntlet)
  4 black mambas
  A gargoyle (D:10)
  7 cane toads
  7 komodo dragons
  Psyche (D:9)
  An efreet (D:10)
  An unseen horror (D:10)
  A rime drake (Lair:4)
  3 jumping spiders (Lair:4)
  A troll (D:10)
  A polar bear (Lair:3)
  A hornet (D:7)
  8 blink frogs (Lair:2)
  A shadow (D:10)
  A wraith (D:6)
  2 basilisks (D:10)
  A vampire (D:10)
  4 wyverns
  7 fire bats (Gauntlet)
  21 yaks
  A vampire mosquito (D:10)
  A steam dragon (D:7)
  A naga (Lair:2)
  11 water moccasins
  2 orc warriors
  3 ice beasts
  3 black bears
  2 necrophages
  7 wolves
  An ogre (D:4)
  A phantom (D:7)
  2 kobold brigands
  15 bullfrogs
  A water moccasin zombie (D:6)
  10 scorpions
  A gnoll sergeant (D:6)
  A water moccasin skeleton (D:6)
  5 killer bees (D:9)
  6 wights
  7 howler monkeys
  An electric eel (Lair:2)
  3 centaur zombies
  A jelly (D:4)
  2 human zombies (Ossuary)
  7 orc priests
  3 gnoll shamans
  2 hounds
  6 iguanas
  3 orc wizards
  3 scorpion zombies (Ossuary)
  A hound skeleton (D:4)
  4 mummies
  12 gnolls
  6 adders
  2 shadow imps (D:7)
  A white imp (D:7)
  A worm (D:5)
  A dart slug (D:4)
  29 orcs
  8 endoplasms
  5 giant cockroaches
  6 goblins
  6 hobgoblins
  11 jackals
  3 quokkas (D:4)
  5 ball pythons
  6 bats
  5 frilled lizards
  3 gnoll zombies (Ossuary)
  A goblin zombie (Ossuary)
  2 hobgoblin zombies (Ossuary)
  14 kobolds
  2 kobold zombies (Ossuary)
  3 orc zombies (Ossuary)
  7 rats
359 creatures vanquished.

Vanquished Creatures (others)
  49 fungi
  74 plants
123 creatures vanquished.

Grand Total: 482 creatures vanquished

Notes
Turn   | Place    | Note
-------+----------+-------------------------------------------
     0 | D:1      | DocSulfur the Troll Hunter began the quest for the Orb.
     0 | D:1      | Reached XP level 1. HP: 19/19 MP: 0/0
   261 | D:4      | Reached XP level 2. HP: 28/28 MP: 1/1
   263 | D:4      | Reached skill level 1 in Unarmed Combat
   279 | D:4      | Noticed a necrophage
   280 | D:4      | Noticed an ogre
   314 | D:4      | Killed a necrophage
   315 | D:4      | Reached XP level 3. HP: 33/35 MP: 2/2
   315 | D:4      | Reached XP level 4. HP: 40/42 MP: 3/3
   317 | D:4      | Killed an ogre
   318 | D:4      | Reached XP level 5. HP: 48/49 MP: 4/4
   393 | D:5      | Entered Level 5 of the Dungeon
   458 | D:6      | Reached XP level 6. HP: 34/57 MP: 5/5
   487 | D:6      | Reached skill level 5 in Throwing
   487 | D:6      | Reached skill level 5 in Unarmed Combat
   569 | D:6      | Identified a scroll of acquirement
   713 | D:6      | Noticed an ice beast
   723 | D:6      | Killed an ice beast
   724 | D:6      | Reached XP level 7. HP: 47/63 MP: 6/6
   738 | D:6      | Identified the +11 rapier "Lele" {elec, Dex+2}
   982 | D:7      | Noticed a hornet
   994 | D:7      | Found a sand-covered staircase.
  1002 | Ossuary  | Entered an ossuary
  1096 | Ossuary  | Reached XP level 8. HP: 45/72 MP: 7/7
  1572 | D:7      | Found a staircase to the Ecumenical Temple.
  1578 | Temple   | Entered the Ecumenical Temple
  1611 | Temple   | Became a worshipper of Warmaster Okawaru
  2014 | D:3      | Found a shimmering blue altar of Sif Muna.
  2028 | D:3      | Found a hide-covered altar of Uskayaw.
  2028 | D:3      | Found a sacrificial altar of Ru.
  2031 | D:3      | Found an ancient bone altar of Kikubaaqudgha.
  2558 | D:1      | Found a faded altar of an unknown god.
  3380 | D:3      | Reached XP level 9. HP: 79/79 MP: 8/8
  4492 | D:5      | Found a transporter.
  4779 | D:5      | Found a transporter.
  5145 | D:6      | Reached skill level 10 in Unarmed Combat
  5307 | D:6      | Reached * piety under Okawaru
  5673 | D:7      | Found a stormy altar of Qazlal.
  5778 | D:7      | Found a glowing golden altar of the Shining One.
  5778 | D:7      | Found an ornate altar of the Wu Jian Council.
  5790 | D:7      | Found an opulent altar of Gozag.
  5977 | D:7      | Reached ** piety under Okawaru
  6122 | D:8      | Found a burning altar of Makhleb.
  6192 | D:8      | Noticed a purple ugly thing
  6223 | D:8      | Reached skill level 10 in Throwing
  6223 | D:8      | Reached XP level 10. HP: 59/87 MP: 9/9
  6279 | D:8      | Found a broken altar of Ashenzari.
  6354 | D:8      | Reached skill level 1 in Invocations
  6407 | D:8      | Found a staircase to the Lair.
  6521 | D:8      | Found a large runed translucent door.
  6521 | D:8      | Found a large runed translucent door.
  6524 | D:8      | Identified the +2 robe of Gaetefeok {Fly Str+2 Dex+3}
  6526 | D:8      | Noticed a brown ugly thing
  6527 | D:8      | Found a corrupted altar of Lugonu.
  6587 | D:8      | Found a radiant altar of Vehumet.
  6707 | D:8      | Found a one-way gate to the infinite horrors of the Abyss.
  6742 | Lair:1   | Entered Level 1 of the Lair of Beasts
  6904 | Lair:1   | Reached *** piety under Okawaru
  6955 | Lair:1   | Noticed a black mamba
  6961 | Lair:1   | Killed a black mamba
  6962 | Lair:1   | Reached skill level 5 in Fighting
  6964 | Lair:1   | Noticed a cane toad
  6976 | Lair:1   | Killed a cane toad
  6976 | Lair:1   | Received a gift from Okawaru
  7237 | Lair:1   | Noticed a cane toad
  7246 | Lair:1   | Killed a cane toad
  7246 | Lair:1   | Reached **** piety under Okawaru
  7321 | Lair:1   | You fall into a shaft and drop 1 floor!
  7322 | Lair:2   | Noticed a cane toad
  7326 | Lair:2   | Noticed Harold
  7348 | Lair:2   | Killed Harold
  7348 | Lair:2   | Received a gift from Okawaru
  7349 | Lair:2   | Reached XP level 11. HP: 58/107 MP: 11/13
  7351 | Lair:2   | Received a gift from Okawaru
  7352 | Lair:2   | Reached skill level 5 in Invocations
  7447 | Lair:2   | Received a gift from Okawaru
  7578 | Lair:2   | Noticed a five-headed hydra
  7591 | Lair:2   | Killed a five-headed hydra
  7591 | Lair:2   | Received a gift from Okawaru
  7710 | Lair:3   | Found a gate leading to a gauntlet.
  7710 | Lair:3   | Noticed a seven-headed hydra
  7711 | Lair:3   | Noticed Nergalle
  7713 | Lair:3   | Noticed Urug
  7717 | Gauntlet | Entered a Gauntlet
  7717 | Gauntlet | Noticed a fire crab
  7717 | Gauntlet | Found a transporter.
  7717 | Gauntlet | Found a transporter.
  7719 | Gauntlet | Noticed a sixfirhy
  7738 | Gauntlet | Found a transporter.
  7740 | Gauntlet | Found a transporter.
  7754 | Gauntlet | Found a transporter.
  7755 | Gauntlet | Found a transporter.
  7755 | Gauntlet | Noticed a fire crab
  7764 | Gauntlet | Found a transporter.
  7781 | Gauntlet | Noticed a dire elephant
  7785 | Gauntlet | Found a transporter.
  7803 | Gauntlet | Found a transporter.
  7807 | Gauntlet | Found a transporter.
  7817 | Gauntlet | Found a transporter.
  7818 | Gauntlet | Noticed a fire crab
  7821 | Gauntlet | Found a transporter.
  7912 | Gauntlet | Noticed a hell beast
  7999 | Gauntlet | Killed a fire crab
  8054 | Gauntlet | Received a gift from Okawaru
  8061 | Gauntlet | Killed a fire crab
  8102 | Gauntlet | Reached ***** piety under Okawaru
  8130 | Gauntlet | Identified the +2 cloak of an ossuary {Int+4}
  8151 | Gauntlet | Killed a dire elephant
  8152 | Gauntlet | Reached XP level 12. HP: 58/126 MP: 16/16
  8211 | Gauntlet | Identified the +6 arbalest of Vomonang {vorpal, Will+ Int+4
                  | Dex+3}
  8211 | Gauntlet | Noticed a minotaur
  8222 | Gauntlet | Killed a minotaur
  8302 | Lair:2   | Found a staircase to the Snake Pit.
  8438 | Lair:2   | Reached skill level 10 in Fighting
  8441 | Lair:2   | Received a gift from Okawaru
  8540 | Lair:2   | Noticed Fannar
  8542 | Lair:2   | Killed Fannar
  8631 | Lair:2   | Received a gift from Okawaru
  8944 | Lair:2   | Found a staircase to the Swamp.
  8951 | Lair:2   | Received a gift from Okawaru
  8991 | Lair:2   | Found a runed translucent door.
  8991 | Lair:2   | Found a shimmering altar of Xom.
  8991 | Lair:2   | Noticed Wuw Late's ghost (journeyman GrEE)
  9447 | Lair:3   | Killed Nergalle
  9468 | Lair:3   | Reached skill level 10 in Invocations
  9527 | Lair:3   | Noticed a seven-headed hydra
  9533 | Lair:3   | Killed a seven-headed hydra
  9533 | Lair:3   | Received a gift from Okawaru
  9596 | Lair:3   | Killed a seven-headed hydra
  9618 | Lair:3   | Killed Urug
  9618 | Lair:3   | Received a gift from Okawaru
  9746 | Lair:3   | Reached skill level 5 in Dodging
 10004 | Lair:4   | Identified the +6 bardiche "Xekhluitz" {pain, rElec Int+2}
                  | (Okawaru gifted it to you on level 4 of the Lair of Beasts)
 10004 | Lair:4   | Received a gift from Okawaru
 10556 | Lair:4   | Found a runed translucent door.
 10573 | Lair:4   | Reached XP level 13. HP: 83/133 MP: 16/19
 10624 | Lair:4   | Identified the +0 hat of the Ecumenical Temple {Int+6}
 10630 | Lair:4   | Identified the +7 whip "Sarcophage" {vorpal, rPois rC- rN++
                  | Int+2}
 10632 | Lair:4   | Found a runed translucent gate.
 10632 | Lair:4   | Found a runed translucent gate.
 10632 | Lair:4   | Found a runed translucent gate.
 10632 | Lair:4   | Found a runed translucent gate.
 10632 | Lair:4   | Found a runed translucent gate.
 10632 | Lair:4   | Found a runed translucent gate.
 10943 | D:3      | Fell from the grace of Okawaru
 10943 | D:3      | Became a worshipper of Ru the Awakened
 11568 | D:9      | Noticed Psyche
 11647 | D:9      | Killed Psyche
 12382 | D:10     | Entered Level 10 of the Dungeon
 12421 | D:10     | Noticed a green draconian
 12421 | D:10     | Noticed a minotaur
 12421 | D:10     | Noticed a deep elf blademaster
 12454 | D:9      | HP: 1/133 [skeletal warrior[a skeletal warrior] (19)]
 12646 | D:10     | Gained mutation: You cannot study or use magical devices.
                  | [Ru sacrifice]
 12646 | D:10     | Reached * piety under Ru
 12646 | D:10     | Reached ** piety under Ru
 12851 | D:10     | Noticed a stone giant
 12851 | D:10     | Noticed a stone giant
 12851 | D:10     | Noticed a deep elf master archer
 12885 | D:10     | HP: 5/133 [minotaur/silver javelin[the fury of Okawaru]
                  | (10)]
 12905 | D:9      | HP: 6/133 [poisoned by a green draconian (poison gas)]
 13021 | D:9      | Noticed an orc warlord
 13032 | D:9      | Noticed a frost giant
 13088 | D:10     | Killed a stone giant
 13145 | D:10     | Killed a deep elf master archer
 13179 | D:10     | Mangled by a stone giant

Illustrated notes

Levels and vault maps discovered:
D:1:      roderic_chinese_lattice_arrival, layout_rooms,
          ebering_ecumenical_altar_webs, kennysheep_nondescript
D:2:      layout_basic
D:3:      layout_basic, grunt_temple_overflow_open, item_on_display_a
D:4:      layout_basic
D:5:      gammafunk_steamed_eel, layout_basic, hangedman_decor_slide_cut
D:6:      layout_loops_cross
D:7:      layout_loops_ring, nicolae_qazlal_eye_of_the_storm,
          gammafunk_temple_overflow_wave, old_standard_altar,
          minmay_temple_entry_fiery, gup_ossuary_entry_pyramid
D:8:      due_chaos_kobolds, layout_gridville, evilmike_ruin_ashenzari,
          kennysheep_little_box, nicolae_overflow_crystal_walls,
          due_lair_maze_entry_diamond
D:9:      layout_roguey, minmay_misc_feat_ornament, dk_vineyard_2,
          serial_park_tiny_2, hellmonk_bongcloud_opening, uniq_psyche
D:10:     minmay_chambers_of_sevens, layout_basic,
          chequers_serial_rivers_micro_a
Temple:   minmay_freezing_vapour_temple
Lair:1:   beast_lair_carwin_large_3, layout_regular_city, patterned_corridor
Lair:2:   layout_concentric_octagons, nicolae_swamp_entry_splash_gauntlet,
          guppyfry_snake_entry_island, ebering_ghost_xom, uniq_fannar,
          uniq_harold
Lair:3:   layout_hall_layers, gauntlet_entry_generic, beast_lair_carwin_4,
          uniq_nergalle, uniq_urug
Lair:4:   gammafunk_indiana_jones, layout_misc_corridors

Skill      XL: |  1  2  3  4  5  6  7  8  9 10 11 12 13 |
---------------+----------------------------------------+-----
Unarmed Combat | 3 4 5 7 9 10 | 10.0
Throwing       | 4 5 6 7 10 | 10.0
Fighting       | 2 6 9 10 | 10.0
Invocations    | 4 7 10 | 10.0
Dodging        | 6 9 |  9.0
Stealth        | |  0.3

Action                   |  1- 3 |  4- 6 |  7- 9 | 10-12 | 13-15 || total
-------------------------+-------+-------+-------+-------+-------++-------
Melee: Short sword       |    20 |       |       |       |       ||    20
       Unarmed           |    30 |    97 |   427 |   475 |   170 ||  1199
       Punch             |       |       |    15 |    36 |    10 ||    61
Throw: Large rock        |     1 |     3 |     4 |    40 |    31 ||    79
       Javelin           |       |       |       |     2 |    16 ||    18
       Throwing net      |       |       |       |     1 |       ||     1
       Dart              |       |       |       |     7 |     3 ||    10
       Boomerang         |       |       |       |     3 |     1 ||     4
Invok: Heroism           |       |       |       |    11 |       ||    11
       Finesse           |       |       |       |     1 |       ||     1
       Sacrifice Artific |       |       |       |       |     1 ||     1
Evoke: Wand              |       |       |       |     2 |       ||     2
  Use: Scroll            |     1 |     1 |     9 |    10 |     7 ||    28
       Potion            |       |       |       |     6 |     4 ||    10
 Stab: Sleeping          |       |       |     2 |       |     1 ||     3
Armor: Robe              |    29 |    21 |    61 |    87 |    39 ||   237
Dodge: Dodged            |    19 |    42 |   255 |   335 |   126 ||   777

Table legend: (Time is in decaauts)
 A = Elapsed time spent in this place.
 B = Non-inter-level travel time spent in this place.
 C = Inter-level travel time spent in this place.
 D = Time resting spent in this place.
 E = Time spent auto-exploring this place.
 F = Levels seen in this place.
 G = Mean time per level.
                   A        B        C        D        E       F      G
               +--------+--------+--------+--------+--------+-----+--------+
         Total |  13028 |  12462 |    566 |     84 |   3908 |  17 |  766.4 |
       Dungeon |   8491 |   8104 |    387 |      2 |   3367 |  10 |  849.1 |
        Temple |     40 |     40 |      0 |      0 |      0 |   1 |   40.0 |
          Lair |   3513 |   3334 |    179 |     82 |    541 |   4 |  878.2 |
       Ossuary |    449 |    449 |      0 |      0 |      0 |   1 |  449.0 |
      Gauntlet |    534 |    534 |      0 |      0 |      0 |   1 |  534.0 |
               +--------+--------+--------+--------+--------+-----+--------+

Top non-repeatable levels by time:
  Lair:2: 1399 daAuts
     D:9: 1376 daAuts
     D:6: 1084 daAuts
     D:7: 995 daAuts
     D:8: 992 daAuts
     D:4: 885 daAuts
     D:3: 814 daAuts
  Lair:3: 768 daAuts
  Lair:4: 738 daAuts
     D:2: 738 daAuts
     D:5: 625 daAuts
  Lair:1: 606 daAuts
     D:1: 561 daAuts
Gauntlet: 534 daAuts
 Ossuary: 449 daAuts
